Unix NetHack Version 5.0.0-0 post-release - last build May 17 2026 04:57:42 (dc50c8380fa5e20985bfe3072449f57b8d9895ef,branch:main).

Game began 2026-05-19 15:27:10, ended 2026-05-19 15:43:41.

Drastanta, lawful female human Samurai

      ---------------                   -----------
      |.............-#      --------    |.........|      ------
      |.............|#      |......|    |.........|      |+...|          -----
      |.............|#      |......|    ..........|      |.....#####     |...|
      -----------.---#   ----......|    |.........-#     |....|    ##    |...|
              ####   #   |......----    |.........|#     -)----     #    |...|
             ##      #   |...<..|###    -------.---#      ##        #####-...|
      ########       ##  |.......#####    ######   #       #             -.---
    ###              ##  --------# # ############ ####     #              #
   ##                ##  ######################## ####     ##
  -|---------        #     #   # # #     ##         #       #
  |.......@.|        #     #   ### ####--.--        #       #
  |@)[[[[.[m|        #     #          #-...|        ##     ######
  |[[[[[[[d[|       ##     #           |...-########%-------.---.----
  |[[[[[[[[[|       #------#           |...|        #|........b.....|
  -----------       #|....|#           -----        )|..............|
                    #|..`.|#                        #|............).|
                    #.....-#                        #.>(............|
                     ------                          ----------------

Drastanta the Ronin    St:14 Dx:18 Co:17 In:10 Wi:7 Ch:9  Lawful
Dlvl:3  $:32 HP:0(32) Pw:10(10) AC:3  Xp:3 T:1078 

Latest messages:
 The door opens.
 You find a hidden door.
 The door opens.
 You are beginning to feel hungry.
 You hit the red mold.
 You kill the red mold!
 The door resists!
 The door opens.
 What do you want to eat? [fhi or ?*] ?
 My, this is a yummy slime mold!
 You find a hidden door.
 The door resists!
 The door opens.
 The door opens.
 "Irasshaimase, Drastanta!  Welcome to Bayburt's used armor dealership!"
 You see here an opera cloak (for sale, 80 zorkmids).
 You do not owe Bayburt anything.
 You swap places with Hachi.
 "Irasshaimase, Drastanta!  Welcome again to Bayburt's used armor dealership!"
 You do not owe Bayburt anything.
 You stop.  Hachi is in the way!
 That strange object is a small mimic!
 You hit the small mimic.
 The small mimic hits!
 You hit the small mimic.
 You hit the small mimic.
 You hit the small mimic.
 You miss the small mimic.
 You hit the small mimic.
 Hachi picks up a kabuto.
 The small mimic hits!
 You hit the small mimic.
 You miss the small mimic.
 You hit the small mimic.
 You hit the small mimic.
 You miss the small mimic.
 You hit the small mimic.
 You miss the small mimic.
 You miss the small mimic.
 The small mimic hits!
 You hit the small mimic.
 You hit the small mimic.
 The small mimic hits!
 What do you want to read? [lopu-w or ?*] ?
 You begin to memorize the runes.
 You stop studying.
 The small mimic hits!
 You die...
 Bayburt gratefully inherits all your possessions.
 Do you want to see what you had when you died? [ynq] (y) q

Inventory:
 Coins    ('$')
  $ - 32 gold pieces
 Weapons  (')')
  s - a +0 elven arrow
  d - 44 +0 ya (in quiver)
  c - a +0 yumi (weapon in right hand)
  m - 10 rustproof +0 shuriken
  a - a +0 katana (alternate weapon; not wielded)
  b - a +0 wakizashi
 Armor    ('[')
  r - an uncursed +0 pair of speed boots (being worn)
  q - an uncursed +0 pair of water walking boots
  t - an uncursed +0 oilskin cloak
  j - a blessed rustproof +0 splint mail (being worn)
 Comestibles  ('%')
  f - 2 uncursed cram rations
  i - 2 uncursed tins of spinach
 Scrolls  ('?')
  o - an uncursed scroll of confuse monster
  u - an uncursed scroll of create monster
  v - an uncursed scroll of enchant weapon
  w - an uncursed scroll of identify
  l - an uncursed scroll of remove curse
 Spellbooks  ('+')
  p - an uncursed spellbook of protection
 Potions  ('!')
  n - an uncursed potion of gain energy
  k - an uncursed potion of oil
 Wands    ('/')
  g - a wand of magic missile (0:5)

Drastanta the Samurai's attributes:

Background:
 You were a Ronin, a level 3 female human Samurai.
 You were lawful, on a mission for Amaterasu Omikami
 who was opposed by Raijin (neutral) and Susanowo (chaotic).
 You were right-handed.
 You were in the Dungeons of Doom, on level 3.
 You entered the dungeon 1078 turns ago.
 There was a new moon in effect when your adventure ended.
 You had 72 experience points, 8 more were needed to attain level 4.

Basics:
 You had 0 out of 32 hit points.
 You had all 10 energy points (spell power).
 Your armor class was 3.
 Your wallet contained 32 zorkmids.
 Autopickup was off.

Final Characteristics:
 Your strength was 14 (limit:18/100).
 Your dexterity was 18 (limit:18).
 Your constitution was 17 (limit:18).
 Your intelligence was 10 (limit:18).
 Your wisdom was 7 (limit:18).
 Your charisma was 9 (limit:18).

Final Status:
 You weren't hungry.
 You were unencumbered.
 You were wielding a bow.
 You had basic skill with bow.

Final Attributes:
 You were devoutly aligned.
 You were telepathic.
 You were warded.
 Your spell casting was impaired by metallic armor.
 You were very fast.
 You are dead.

Miscellaneous:
 You didn't encounter any bones levels.
 Total elapsed playing time was 13 minutes and 12 seconds.

Major events:
 Turn
    1: Drastanta the lawful female human Samurai entered the dungeon
  838: attained the rank of Ronin (level 3)
 1078: killed by a small mimic

Spells:
 Name                 Level Category     Fail Retention
 confuse monster        1   enchantment  100%  76%-100%

Skills:
 Fighting Skills
   martial arts      [Basic]
   two weapon combat [Unskilled]
   riding            [Unskilled]
 Weapon Skills
   dagger            [Unskilled]
   knife             [Unskilled]
   short sword       [Basic]
   broadsword        [Unskilled]
   long sword        [Basic]
   two-handed sword  [Unskilled]
   saber             [Unskilled]
   flail             [Unskilled]
   quarterstaff      [Unskilled]
   polearms          [Unskilled]
   spear             [Unskilled]
   lance             [Unskilled]
   bow               [Basic]
   shuriken          [Unskilled]
 Spellcasting Skills
   attack spells     [Unskilled]
   divination spells [Unskilled]
   clerical spells   [Unskilled]

Voluntary challenges:
 Character rerolling was not enabled.
 You never genocided any monsters.
 You never polymorphed an object.
 You never changed form.
 You used no wishes.
Achievements:
 You entered a shop.
 You attained the rank of Ronin.

 The Dungeons of Doom: levels 1 to 4
    Level 1:
    Level 2:
       An armor shop, a fountain.
    Level 3: <- You were here.
       An armor shop.
       Final resting place for
          you, killed by a small mimic.
    Level 4:


Vanquished creatures:
  a shrieker
  a floating eye
  a gas spore
  3 hobbits
  2 giant rats
  a red mold
  6 jackals
  a fox
  a kobold
  3 grid bugs
  2 lichens
  a kobold zombie
  6 newts
29 creatures vanquished.

No species were genocided or became extinct.

Game over:
                       ----------
                      /          \
                     /    REST    \
                    /      IN      \
                   /     PEACE      \
                  /                  \
                  |    Drastanta     |
                  |      32 Au       |
                  |   killed by a    |
                  |   small mimic    |
                  |                  |
                  |                  |
                  |       2026       |
                 *|     *  *  *      | *
        _________)/\\_//(\/(/\)/\//\/|_)_______

Sayonara Drastanta the Samurai...

You died in The Dungeons of Doom on dungeon level 3 with 467 points,
and 32 pieces of gold, after 1078 moves.
You were level 3 with a maximum of 32 hit points when you died.

